AoeStats
← den svarte mannen

Arabia

509428605Analyzed
3v3 RM · 5d ago on Sep 26, 2026· 50m 51s· 6 players
Game mode
Random Map
Map size
Normal (6 player)
Population
200
Speed
Normal
Resources
Standard
Victory
Conquest
Starting age
Dark Age
Ending age
Imperial Age
RankedLock teamsTeams togetherTeam positionsShared explorationLock speedFull tech treeHidden civsTurbo modeCheats
Victory
Defeat
🇦🇷 Japanese · Argentina
1375
+16
🇦🇺 Franks · Australia
1364
+16
🇦🇷 Saxons · Argentina
1282
+20
🇸🇪 Italians · Sweden
1397
-18
🇸🇪 Japanese · Sweden
1382
-18
🇸🇪 Franks · Sweden
1336
-16
Pirulo222
6:00 Loom
9:22 Feudal Age
11:17 Double-Bit Axe
13:08 Wheelbarrow
13:59 Padded Archer Armor
24:55 Castle Age
25:51 Scale Barding Armor
34:40 Chain Barding Armor
35:36 Gold Mining
38:08 Gold Shaft Mining
37:51 Husbandry
39:21 Forging
41:49 Iron Casting
45:33 Wheelbarrow
48:24 Imperial Age
46:36 Light Cavalry
48:12 Town Watch
49:41 Plate Barding Armor
48:28 Cavalier
50:20 Chivalry
Donezo
8:11 Loom
10:15 Feudal Age
14:53 Castle Age
12:58 Double-Bit Axe
14:47 Fletching
16:29 Bodkin Arrow
21:47 Padded Archer Armor
22:19 Husbandry
26:00 Horse Collar
26:31 Bow Saw
27:02 Wheelbarrow
27:42 Thumb Ring
28:49 Leather Archer Armor
30:08 Bloodlines
33:19 Ballistics
38:10 Imperial Age
38:38 Heavy Cavalry Archer
39:47 Parthian Tactics
38:44 Heavy Cavalry Archer
40:29 Bracer
41:42 Chemistry
42:21 Ring Archer Armor
45:11 Conscription
45:49 Hand Cart
45:20 Town Watch
48:41 Kataparuto
51:36 Two-Man Saw
50:40 Heavy Plow
El Mimoso
6:24 Loom
9:18 Feudal Age
9:22 Man-at-Arms
9:59 Double-Bit Axe
13:37 Fletching
15:12 Padded Archer Armor
23:55 Castle Age
27:14 Bodkin Arrow
34:59 Scale Mail Armor
37:21 Chain Mail Armor
37:17 Forging
41:32 Imperial Age
39:39 Forging
40:26 Squires
40:11 Arson
42:16 Iron Casting
41:39 Shield Wall
43:58 Plate Mail Armor
46:55 Chemistry
46:36 Bow Saw
46:41 Elite Skirmisher
47:22 Cranequins
47:46 Heavy Mounted Crossbowman
50:09 Bracer
50:25 Leather Archer Armor
50:30 Thumb Ring
johg0001
7:00 Loom
9:23 Feudal Age
10:11 Double-Bit Axe
12:31 Wheelbarrow
15:07 Fletching
17:03 Padded Archer Armor
21:04 Town Watch
24:02 Castle Age
23:29 Horse Collar
24:45 Bodkin Arrow
24:12 Crossbowman
25:09 Gold Mining
25:36 Thumb Ring
27:17 Leather Archer Armor
36:54 Imperial Age
35:52 Bow Saw
37:18 Ballistics
37:32 Arbalester
38:14 Bracer
40:46 Chemistry
42:22 Block Printing
den svarte mannen
7:23 Loom
9:52 Feudal Age
12:01 Double-Bit Axe
15:36 Scale Barding Armor
19:59 Forging
23:05 Castle Age
23:57 Husbandry
26:23 Light Cavalry
28:55 Gold Mining
30:00 Wheelbarrow
31:52 Chain Barding Armor
32:54 Hand Cart
33:57 Gold Shaft Mining
34:18 Bow Saw
35:04 Town Watch
37:11 Iron Casting
45:58 Imperial Age
44:18 Fletching
Den gröne mannen
5:53 Loom
6:15 Loom
8:52 Feudal Age
9:21 Double-Bit Axe
12:51 Fletching
14:26 Horse Collar
20:55 Castle Age
21:11 Crossbowman
21:47 Bodkin Arrow
22:32 Town Watch
24:08 Bow Saw
25:41 Padded Archer Armor
26:35 Ballistics
35:27 Wheelbarrow
42:13 Imperial Age
39:41 Pikeman
40:49 Scale Mail Armor
40:51 Squires
41:26 Forging
42:20 Arbalester
43:07 Bracer
44:06 Chain Mail Armor
45:27 Chemistry
45:59 Plate Mail Armor
45:35 Halberdier
47:43 Conscription
48:54 Kataparuto
48:37 Yasama
50:35 Murder Holes
50:59 Leather Archer Armor
Connection lost

Rejoining the realm…

Still unreachable

The connection could not be restored.

Session expired

The server has moved on; the page needs a fresh start.